 Dungeon Crawl Stone Soup version 0.28-a0-1555-g9ae15a6949 (webtiles) character file.

Game seed: 10280292798086023586

280 esteth the Archer (level 6, 0/44 HPs)
             Began as a Gnoll Wanderer on Jan 18, 2022.
             Was an Initiate of Gozag.
             Succumbed to a gnoll sergeant's poison
             ... on level 4 of the Dungeon.
             The game lasted 00:07:04 (4202 turns).

esteth the Archer (Gnoll Wanderer)                  Turns: 4202, Time: 00:07:05

Health: 0/44       AC:  3    Str: 14    XL:     6   Next: 27%
Magic:  14/14      EV: 12    Int: 13    God:    Gozag
Gold:   525        SH:  0    Dex:  9    Spells: 14/15 levels left

rFire   . . .      SeeInvis .   a - +2 shortbow
rCold   + . .      Faith    .   (shield currently unavailable)
rNeg    . . .      Spirit   .   e - +0 leather armour
rPois   .          Reflect  .   (no helmet)
rElec   .          Harm     .   (no cloak)
rCorr   .          Rampage  .   (no gloves)
Will    .....                   (no boots)
Stlth   +.........              (no amulet)
HPRegen 0.14/turn               o - ring of protection from cold
MPRegen 0.14/turn               (no ring)

@: lethally poisoned (0 -> -30)
A: fangs 1, strong nose, distributed training
a: Renounce Religion, Potion Petition, Call Merchant, Bribe Branch


You were on level 4 of the Dungeon.
You worshipped Gozag.
Gozag was pleased with you.
You visited 1 branch of the dungeon, and saw 5 of its levels.

You collected 525 gold pieces.

Inventory:

Hand Weapons
 a - a +2 shortbow (weapon)
 k - a +0 whip of venom
Missiles
 b - 53 arrows (quivered ammo)
 c - 13 poisoned darts
Armour
 e - a +0 leather armour (worn)
Jewellery
 o - a ring of protection from cold (left hand)
Scrolls
 d - a scroll of magic mapping {unknown}
 g - 3 scrolls of teleportation {unknown}
 m - 2 scrolls of identify {unknown}
 n - 2 scrolls of brand weapon {unknown}
 r - a scroll of acquirement {unknown}
 s - a scroll of enchant weapon {unknown}
Potions
 f - a potion of magic {unknown}
 h - a potion of might {unknown}
 i - a potion of degeneration {unknown}
 j - 2 potions of haste
 l - a potion of berserk rage {unknown}
 p - a potion of resistance {unknown}
 q - 2 potions of flight {unknown}


   Skills:
 + Level 1.9 Fighting
 + Level 1.9 Short Blades
 + Level 1.9 Long Blades
 + Level 1.9 Axes
 + Level 1.9 Maces & Flails
 + Level 1.9 Polearms
 + Level 1.9 Staves
 + Level 1.9 Slings
 + Level 8.7 Bows
 + Level 1.9 Crossbows
 + Level 4.9 Throwing
 + Level 3.2 Armour
 + Level 3.2 Dodging
 + Level 1.9 Stealth
 + Level 1.9 Shields
 + Level 1.9 Unarmed Combat
 + Level 5.3 Spellcasting
 + Level 1.5 Conjurations
 + Level 1.5 Hexes
 + Level 1.5 Summonings
 + Level 1.5 Necromancy
 + Level 1.5 Translocations
 + Level 1.5 Transmutations
 + Level 1.5 Fire Magic
 + Level 1.5 Ice Magic
 + Level 1.5 Air Magic
 + Level 1.5 Earth Magic
 + Level 1.5 Poison Magic
 + Level 2.1 Invocations
 + Level 1.9 Evocations


You had 14 spell levels left.
You knew the following spells:

 Your Spells              Type           Power      Damage    Failure   Level
a - Freeze                Ice            28%        1d5       12%         1

Your spell library contained the following spells:

 Spells                   Type           Power      Damage    Failure   Level
 Magic Dart               Conj           28%        1d4       12%         1
 Sting                    Tmut/Pois      28%        1d4       12%         1
 Call Imp                 Summ           7%         N/A       19%         2
 Poisonous Vapours        Pois/Air       14%        N/A       19%         2
 Mephitic Cloud           Conj/Pois/Air  7%         N/A       34%         3
 Ozocubu's Armour         Ice            7%         N/A       34%         3
 Olgreb's Toxic Radiance  Pois           7%         N/A       75%         4
 Metabolic Englaciation   Hex/Ice        3%         N/A       97%         5
 Simulacrum               Ice/Necr       3%         N/A       100%        6


Dungeon Overview and Level Annotations

Branches:
Dungeon (5/15)             Temple (0/1) D:4

Altars:
Gozag


Innate Abilities, Weirdness & Mutations

You have very sharp teeth.
Your uncanny sense of smell can sniff out nearby items.
Your experience applies equally to all skills.


Message History

The gnoll shouts!
You shoot an arrow.
The arrow barely misses the gnoll sergeant.
The arrow barely misses the gnoll.
The gnoll sergeant barely misses you.
A gnoll comes into view. It is wielding a +0 flail.
You shoot an arrow. The gnoll shouts!
The arrow hits the gnoll sergeant.
The gnoll sergeant is heavily wounded.
The gnoll sergeant hits you from afar with a +1 spear of venom.
You are poisoned.
You feel very sick.
You shoot an arrow.
The arrow hits the gnoll sergeant but does no damage.
The gnoll sergeant is heavily wounded.
You feel very sick.
You feel sick.
You feel sick.
A gnoll comes into view. It is wielding a +0 club.
You feel sick.
You feel sick.
The gnoll shouts!
There is a stone staircase leading up here.
You shoot an arrow. The arrow hits the gnoll sergeant.
The gnoll sergeant is severely wounded.
You feel sick.
The gnoll sergeant hits you but does no damage.
You are more poisoned.
You shoot an arrow.
The arrow barely misses the gnoll sergeant.
You feel very sick.
The gnoll sergeant hits you from afar with a +1 spear of venom.
You are more poisoned.
You feel very sick.
The gnoll sergeant hits you from afar with a +1 spear of venom!
* * * LOW HITPOINT WARNING * * *
You are more poisoned.
You climb upwards.
You die...
Your body crumbles into a pile of gold.

###.#......##).....#...#......#
###.....#.....##.................
....##..##..............#####....
..####.##...............#####..##
....#..##...................#....
...##..##......................#.
#......#......................###
#.........#...................# #
##....#..##.....@...........#.###
#....#..##................##.#..
#...##.###................##....
##...#..##......................
##..#.###......................
#..#......###..>.............#
##.##....#.##.........#.......
#..###......#........##.......
##..#................##......#


There were no monsters in sight!

Vanquished Creatures
  An ogre (D:3)
  A jelly (D:4)
  A hound (D:4)
  A hound skeleton (D:4)
  A gnoll (D:5)
  3 adders
  2 ufetubi
  A worm (D:3)
  7 orcs (D:4)
  6 ball pythons
  4 bats
  9 endoplasms
  3 giant cockroaches
  4 goblins (D:1)
  6 hobgoblins
  2 jackals (D:4)
  2 quokkas
  A frilled lizard (D:3)
  9 kobolds
  9 rats
73 creatures vanquished.

Notes
Turn   | Place    | Note
-------+----------+-------------------------------------------
     0 | D:1      | esteth the Gnoll Wanderer began the quest for the Orb.
     0 | D:1      | esteth set off with the following items: a +2 shortbow, 27
                  | arrows, 13 poisoned darts, a +0 dagger, a +0 leather
                  | armour; and the following spell memorised: Freeze; and the
                  | following spells available to memorise: Ozocubu's Armour
     0 | D:1      | Reached XP level 1. HP: 13/13 MP: 6/6
    56 | D:1      | Reached XP level 2. HP: 19/19 MP: 7/7
   399 | D:1      | Reached XP level 3. HP: 14/25 MP: 9/9
   555 | D:1      | Reached skill level 5 in Spellcasting
  1112 | D:2      | Found a faded altar of an unknown god.
  1143 | D:2      | Prayed at the altar of an unknown god.
  1143 | D:2      | Became a worshipper of Gozag Ym Sagoz the Greedy
  1294 | D:2      | Reached skill level 1 in Invocations
  1547 | D:2      | Reached skill level 1 in Fighting
  1547 | D:2      | Reached skill level 1 in Short Blades
  1547 | D:2      | Reached skill level 1 in Long Blades
  1547 | D:2      | Reached skill level 1 in Axes
  1547 | D:2      | Reached skill level 1 in Maces & Flails
  1547 | D:2      | Reached skill level 1 in Polearms
  1547 | D:2      | Reached skill level 1 in Staves
  1547 | D:2      | Reached skill level 1 in Slings
  1547 | D:2      | Reached skill level 1 in Crossbows
  1547 | D:2      | Reached skill level 1 in Stealth
  1547 | D:2      | Reached skill level 1 in Shields
  1547 | D:2      | Reached skill level 1 in Unarmed Combat
  1547 | D:2      | Reached skill level 1 in Evocations
  1860 | D:3      | Reached XP level 4. HP: 26/32 MP: 11/11
  2472 | D:3      | Noticed an ogre
  2486 | D:3      | Killed an ogre
  2487 | D:3      | Reached skill level 1 in Conjurations
  2487 | D:3      | Reached skill level 1 in Hexes
  2487 | D:3      | Reached skill level 1 in Summonings
  2487 | D:3      | Reached skill level 1 in Necromancy
  2487 | D:3      | Reached skill level 1 in Translocations
  2487 | D:3      | Reached skill level 1 in Transmutations
  2487 | D:3      | Reached skill level 1 in Fire Magic
  2487 | D:3      | Reached skill level 1 in Ice Magic
  2487 | D:3      | Reached skill level 1 in Air Magic
  2487 | D:3      | Reached skill level 1 in Earth Magic
  2487 | D:3      | Reached skill level 1 in Poison Magic
  2487 | D:3      | Reached XP level 5. HP: 27/37 MP: 12/12
  3554 | D:4      | Found a staircase to the Ecumenical Temple.
  3624 | D:4      | Reached XP level 6. HP: 37/44 MP: 13/13
  4169 | D:5      | Entered Level 5 of the Dungeon
  4202 | D:4      | Succumbed to a gnoll sergeant's poison

Illustrated notes

Levels and vault maps discovered:
D:1:      tarquinn_simple_flora_water_d, layout_rooms, minmay_heptomino_o4
D:2:      layout_rooms, hellmonk_ecumenical_altar_lost_god,
          chequers_decorated_corner, dk_noncrumbling_3
D:3:      layout_rooms, chequers_mini_garden
D:4:      layout_cave_pools, minmay_temple_entry_overgrown, wad_orctagon
D:5:      layout_rooms, kennysheep_generic_room_15

Skill      XL: |  1  2  3  4  5  6 |
---------------+-------------------+-----
Spellcasting   | 5 |  5.3
Invocations    | 1 2 |  2.1
Fighting       | 1 |  1.9
Short Blades   | 1 |  1.9
Long Blades    | 1 |  1.9
Axes           | 1 |  1.9
Maces & Flails | 1 |  1.9
Polearms       | 1 |  1.9
Staves         | 1 |  1.9
Slings         | 1 |  1.9
Crossbows      | 1 |  1.9
Stealth        | 1 |  1.9
Shields        | 1 |  1.9
Unarmed Combat | 1 |  1.9
Evocations     | 1 |  1.9
Armour         | 3 |  3.2
Dodging        | 3 |  3.2
Conjurations   | 1 |  1.5
Hexes          | 1 |  1.5
Summonings     | 1 |  1.5
Necromancy     | 1 |  1.5
Translocations | 1 |  1.5
Transmutations | 1 |  1.5
Fire Magic     | 1 |  1.5
Ice Magic      | 1 |  1.5
Air Magic      | 1 |  1.5
Earth Magic    | 1 |  1.5
Poison Magic   | 1 |  1.5
Bows           | |  8.7
Throwing       | |  4.9

Action                   |  1- 3 |  4- 6 || total
-------------------------+-------+-------++-------
Melee: Whip              |    79 |    84 ||   163
       Dagger            |    13 |       ||    13
       Bite              |     4 |     5 ||     9
       Punch             |       |     1 ||     1
 Fire: Shortbow          |    21 |    53 ||    74
  Use: Potion            |       |     2 ||     2
Armor: Leather armour    |    26 |    23 ||    49
       Skin              |       |    12 ||    12
Dodge: Dodged            |    59 |    57 ||   116

Table legend: (Time is in decaauts)
 A = Elapsed time spent in this place.
 B = Non-inter-level travel time spent in this place.
 C = Inter-level travel time spent in this place.
 D = Time resting spent in this place.
 E = Time spent auto-exploring this place.
 F = Levels seen in this place.
 G = Mean time per level.
                   A        B        C        D        E       F      G
               +--------+--------+--------+--------+--------+-----+--------+
         Total |   4177 |   4130 |     47 |    924 |   2638 |   5 |  835.4 |
       Dungeon |   4177 |   4130 |     47 |    924 |   2638 |   5 |  835.4 |
               +--------+--------+--------+--------+--------+-----+--------+

Top non-repeatable levels by time:
     D:4: 1387 daAuts
     D:1: 1092 daAuts
     D:3: 915 daAuts
     D:2: 752 daAuts
     D:5: 30 daAuts
